 Dungeon Crawl Stone Soup version 0.30.1-3-gfc49f6343a (webtiles) character file.

Game seed: 15288589609910979904

21 Anriel the Firebug (level 2, 0/15 HPs)
             Began as a Deep Elf Fire Elementalist on Aug 8, 2023.
             Succumbed to a gnoll's poison
             ... on level 1 of the Dungeon.
             The game lasted 00:03:34 (413 turns).

Anriel the Firebug (Deep Elf Fire Elementalist)      Turns: 413, Time: 00:03:35

Health: 0/15       AC:  2    Str:  5    XL:     2   Next: 65%
Magic:  3/8        EV: 12    Int: 19    God:
Gold:   51         SH:  0    Dex: 15    Spells: 6/7 levels left

rFire   . . .        (no weapon)
rCold   . . .        (no shield)
rNeg    . . .        a - +0 robe
rPois   .            (no helmet)
rElec   .            (no cloak)
rCorr   .            (no gloves)
SInv    .            (no boots)
Will    .....        (no amulet)
Stlth   ++           (no ring)
HPRegen 0.22/turn    (no ring)
MPRegen 0.11/turn

%: no passive effects
@: lethally poisoned (0 -> -6), invisible
A: no striking features
a: no special abilities


You were on level 1 of the Dungeon.
You visited 1 branch of the dungeon, and saw 1 of its levels.

You collected 51 gold pieces.

Inventory:

Armour
 a - a +0 robe (worn)
Scrolls
 c - a scroll of identify
 e - a scroll of silence
Potions
 b - a potion of magic


   Skills:
 - Level 2.4 Dodging
 - Level 2.4 Stealth
 + Level 3.4 Spellcasting
 * Level 2.2 Conjurations
 + Level 3.6 Fire Magic


You had 6 spell levels left.
You knew the following spells:

 Your Spells              Type           Power      Damage    Failure   Level
a - Foxfire               Conj/Fire      56%        2x1d6     4%          1

Your spell library contained the following spells:

 Spells                   Type           Power      Damage    Failure   Level
 Scorch                   Fire           32%        2d6       4%          2
 Inner Flame              Hex/Fire       10%        N/A       22%         3
 Volatile Blastmotes      Fire/Tloc      20%        2d11      22%         3
 Flame Wave               Conj/Fire      14%        2d6       41%         4


Dungeon Overview and Level Annotations

Branches:
Dungeon (1/15)

Altars:


Message History

The jackal is almost dead.
A gnoll comes into view.
It is wielding a +0 spear and quivering poisoned darts.
The foxfire hits the jackal.
You kill the jackal!
The gnoll throws a poisoned dart.
The poisoned dart misses you.
Casting: Foxfire (safe; 4% risk of failure)
Confirm with . or Enter, or press ? or * to list all spells.
You conjure some foxfire!
The gnoll throws a poisoned dart.
The poisoned dart completely misses you.
The foxfire hits the gnoll.
The gnoll is lightly wounded.
You see here a quokka corpse.
The gnoll throws a poisoned dart.
The poisoned dart hits you!
You are poisoned.
You feel sick.
You feel sick.
The gnoll throws a poisoned dart.
The poisoned dart hits you!
You are lethally poisoned!
Casting: Foxfire (safe; 4% risk of failure)
Confirm with . or Enter, or press ? or * to list all spells.
You conjure some foxfire!
You feel very sick.
You feel very sick.
The foxfire hits the gnoll.
The gnoll is moderately wounded.
The foxfire hits the gnoll but does no damage.
The gnoll is moderately wounded.
It was a potion of invisibility.
You fade into invisibility!
* * * LOW HITPOINT WARNING * * *
You feel very sick.
As you read the scroll labelled HOFFUD WIRHI, it crumbles to dust.
It is a scroll of identify.
e - a scroll of silence
* * * LOW HITPOINT WARNING * * *
You feel sick.
Okay, then.
Casting: Foxfire (safe; 4% risk of failure)
Confirm with . or Enter, or press ? or * to list all spells.
You conjure some foxfire!
You die...

.......>..†.......##..#.....
#####....#######.###........
##....######†#
#..###.!...... #.....[.....#
#..# #...... ##...######g#
#..# ##....... ##.## #.#
#... ...#....
#.#######.###.#####..##.#.
##.##....vv................
##>..#.####@###..###.#.##...
#....#.# #.# #..###....#.#
#....#.# #.# #...........#
#.####.# #.# ##.###......#
#.# #.####.# #.# #......#
#.# #.#....# #.# #....#.#
#.# #...#######.###.####.# #
#.####.#..........>..# #.# #
#.....###........##### #.#


You could see a gnoll (unable to see you, ally target).

Vanquished Creatures
  3 bats (D:1)
  3 endoplasms (D:1)
  2 goblins (D:1)
  A hobgoblin (D:1)
  4 jackals (D:1)
  2 quokkas (D:1)
  A ball python (D:1)
  A frilled lizard (D:1)
17 creatures vanquished.

Vanquished Creatures (others)
  37 foxfires (D:1)
37 creatures vanquished.

Grand Total: 54 creatures vanquished

Notes
Turn   | Place    | Note
-------+----------+-------------------------------------------
     0 | D:1      | Anriel the Deep Elf Fire Elementalist began the quest for
                  | the Orb.
     0 | D:1      | Reached XP level 1. HP: 10/10 MP: 6/6
   277 | D:1      | Reached XP level 2. HP: 15/15 MP: 6/8
   413 | D:1      | Succumbed to a gnoll's poison

Illustrated notes

Levels and vault maps discovered:
D:1:      minmay_arrival_five_plusses, layout_loops_ring

Skill      XL: |  1  2 |
---------------+-------+-----
Conjurations   | 2 |  2.2
Dodging        | |  2.4
Stealth        | |  2.4
Spellcasting   | |  3.4
Fire Magic     | |  3.6

Action                     || total
---------------------------++-------
  Melee: Unarmed           ||     5
         Punch             ||     1
   Cast: Foxfire           ||    24
    Use: Scroll            ||     2
         Potion            ||     1
 Armour: Robe              ||     3
  Dodge: Dodged            ||    19
